 Dungeon Crawl Stone Soup version 0.21-a0-142-gdd972a7 (webtiles) character file.

485 tilp the Firebug (level 7, -10/51 HPs)
             Began as a Hill Orc Fire Elementalist on July 22, 2017.
             Mangled by an orc warrior
             ... wielding a +1 short sword of protection
              (18 damage)
             ... on level 3 of the Dungeon.
             The game lasted 00:13:57 (4863 turns).

tilp the Firebug (Hill Orc Fire Elementalist)       Turns: 4863, Time: 00:13:57

Health: -10/51     AC:  3    Str: 11    XL:     7   Next: 13%
Magic:  5/10       EV: 11    Int: 17    God:
Gold:   251        SH:  0    Dex: 11    Spells: 0/11 levels left

rFire    . . .     SeeInvis .   g - +0 morningstar
rCold    . . .     Gourm    .   (no shield)
rNeg     . . .     Faith    .   v - +0 leather armour
rPois    .         Spirit   .   (no helmet)
rElec    .         Reflect  .   (no cloak)
rCorr    .         Harm     .   (no gloves)
MR       .....                  (no boots)
Stlth    ++........             F - amulet of rage
HPRegen  0.17/turn              l - ring of stealth
MPRegen  0.12/turn              x - ring of wizardry

@: no status effects
A: no striking features
a: Evoke Berserk Rage


You were on level 3 of the Dungeon.
You were not hungry.

You visited 1 branch of the dungeon, and saw 4 of its levels.

You collected 251 gold pieces.

Inventory:

Hand Weapons
 d - a +0 mace
 g - a +0 morningstar (weapon)
Missiles
 i - 9 tomahawks (quivered)
 m - 134 stones
Armour
 a - a +0 robe
 v - a +0 leather armour (worn)
Jewellery
 l - a ring of stealth (left hand)
 p - an uncursed amulet of faith
 x - a ring of wizardry (right hand)
 C - an uncursed ring of resist corrosion {unknown}
 D - an uncursed ring of wizardry
 F - an amulet of rage (around neck)
Wands
 y - a wand of acid (0/15)
Scrolls
 h - 2 scrolls of fear
 j - a scroll of blinking
 n - a scroll of fog
 q - 2 scrolls of magic mapping
 r - 5 scrolls of amnesia
 u - a scroll of teleportation
 A - a scroll of enchant armour {unknown}
 E - a scroll of recharging {unknown}
 H - a scroll of remove curse {unknown}
Potions
 e - a potion of flight {unknown}
 k - a potion of magic {unknown}
 o - a potion of resistance {unknown}
 s - a potion of agility {unknown}
 t - 2 potions of curing {unknown}
 w - a potion of ambrosia {unknown}
 z - a potion of mutation {unknown}
Books
 b - a book of Flames

   Spells                             Type                      Level
   a - Flame Tongue                   Conjuration/Fire             1
   b - Throw Flame                    Conjuration/Fire             2
   c - Conjure Flame                  Conjuration/Fire             3
   d - Inner Flame                    Hexes/Fire                   3
   e - Sticky Flame                   Conjuration/Fire             4
   f - Fireball                       Conjuration/Fire             5
 G - a book of Callings

   Spells                             Type                      Level
   a - Summon Small Mammal            Summoning                    1
   b - Call Imp                       Summoning                    2
   c - Call Canine Familiar           Summoning                    3
   d - Summon Guardian Golem          Hexes/Summoning              3
   e - Summon Lightning Spire         Summoning/Air                4
   f - Summon Ice Beast               Ice/Summoning                4
Comestibles
 c - 2 bread rations
 B - 4 fruits


   Skills:
 + Level 0.8 Fighting
 + Level 1.5 Dodging
 - Level 1.5 Stealth
 - Level 2.6 Spellcasting
 * Level 4.6 Conjurations
 * Level 6.0 Fire Magic


You couldn't memorise any spells.
You knew the following spells:

 Your Spells              Type           Power        Failure   Level  Hunger
a - Flame Tongue          Conj/Fire      ###..        1%          1    #......
b - Throw Flame           Conj/Fire      ###...       1%          2    ##.....
c - Conjure Flame         Conj/Fire      ###.....     3%          3    ###....
d - Summon Small Mammal   Summ           #...         10%         1    #......
e - Sticky Flame          Conj/Fire      ###.....     11%         4    #####..


Dungeon Overview and Level Annotations

Branches:
Dungeon (4/15)
 Temple: D:4-7

Altars:
Ru


Message History

The orc warrior is severely wounded.
Evoking this partially-identified wand wasted a few charges.
The orc warrior hits you with a short sword of protection!
* * * LOW HITPOINT WARNING * * *
Casting: Flame Tongue
Confirm with . or Enter, or press ? or * to list all spells.
Aiming: Flame Tongue
Press: ? - help, Shift-Dir - straight line, f/p - orc warrior
Aim: an orc warrior, wielding a short sword of protection and wearing a plate armour (severely wounded, covered in acid)
The flame tongue hits the orc warrior.
The orc warrior appears unharmed.
The orc warrior is severely wounded.
The orc warrior hits you with a short sword of protection.
* * * LOW HITPOINT WARNING * * *
Aiming: Corrosive Bolt (will waste charges)
Press: ? - help, Shift-Dir - straight line, f/p - orc warrior
Aim: an orc warrior, wielding a short sword of protection and wearing a plate armour (severely wounded, covered in acid)
The bolt of acid misses the orc warrior.
Evoking this partially-identified wand wasted a few charges.
The orc warrior hits you with a short sword of protection!!
You die...

#.......# #.#.#.#.#
#.......# #.#.#.#.#
#(......####.#.#.#.#
#..........#.#(#.#.#
##########.#.#.#.#.#
#....#..#.#.#.#.#
#.##.#..#.#.#.#.#
#.##.#..#.#.#.#.#
#.##..o@..#.#.#.#
#.#########.#.#.#
#...........#.#.#
#############.#.#
#.#.# #.#.# #...#
#####


You could see an orc warrior.

Vanquished Creatures
  A phantom (D:3)
  A scorpion (D:4)
  An orc priest (D:4)
  3 hounds
  A centaur skeleton (D:4)
  Natasha (thrice) (D:4)
  2 adders (D:2)
  3 worms
  5 dart slugs
  3 leopard geckos
  8 orcs (D:4)
  4 giant cockroaches
  10 goblins
  2 hobgoblins (D:1)
  8 jackals
  7 kobolds
  2 quokkas
  3 ball pythons
  11 bats
  4 frilled lizards
  6 rats
  A fungus (D:1)
89 creatures vanquished.

Notes
Turn   | Place    | Note
-------+----------+-------------------------------------------
     0 | D:1      | tilp the Hill Orc Fire Elementalist began the quest for the Orb.
     0 | D:1      | Reached XP level 1. HP: 14/14 MP: 3/3
   348 | D:1      | Reached XP level 2. HP: 20/20 MP: 1/5
   903 | D:1      | Reached XP level 3. HP: 26/26 MP: 3/6
   947 | D:1      | Learned a level 2 spell: Throw Flame
   951 | D:1      | Learned a level 3 spell: Conjure Flame
  1746 | D:2      | Reached XP level 4. HP: 33/33 MP: 0/7
  2185 | D:2      | Reached skill level 4 in Fire Magic
  2632 | D:3      | Found a sacrificial altar of Ru.
  2814 | D:3      | Reached XP level 5. HP: 9/38 MP: 3/8
  3319 | D:3      | Noticed a phantom
  3360 | D:3      | Killed a phantom
  3745 | D:4      | Reached XP level 6. HP: 29/45 MP: 5/9
  3891 | D:4      | Noticed Natasha
  3904 | D:4      | Killed Natasha
  3926 | D:4      | Noticed Natasha
  3931 | D:4      | Killed Natasha
  3931 | D:4      | Reached skill level 5 in Fire Magic
  4014 | D:4      | Learned a level 1 spell: Summon Small Mammal
  4121 | D:4      | Noticed Natasha
  4604 | D:4      | Killed Natasha
  4615 | D:4      | Reached XP level 7. HP: 23/50 MP: 0/10
  4621 | D:4      | Learned a level 4 spell: Sticky Flame
  4854 | D:4      | Reached skill level 6 in Fire Magic
  4863 | D:3      | Mangled by an orc warrior

Vault maps used:
D:1:      dpeg_arrival_shelter, minmay_misc_feat_nine_boxes,
          minmay_gold_behind_fungi
D:3:      first_bread, nicolae_ru_sacrificial_ziggurat
D:4:      uniq_robin, uniq_natasha

Skill      XL: |  1  2  3  4  5  6  7 |
---------------+----------------------+-----
Spellcasting   | 2 |  2.6
Conjurations   | 2 4 |  4.6
Fire Magic     | 4 5 6 |  6.0
Fighting       | |  0.8
Dodging        | |  1.5
Stealth        | |  1.5

Action                   |  1- 3 |  4- 6 |  7- 9 || total
-------------------------+-------+-------+-------++-------
Melee: Club              |    24 |       |       ||    24
       Mace              |    50 |    74 |       ||   124
       Morningstar       |       |    12 |       ||    12
Throw: Stone             |     1 |       |       ||     1
 Cast: Flame Tongue      |    48 |    97 |    10 ||   155
       Conjure Flame     |     1 |       |       ||     1
Evoke: Wand              |       |     1 |     4 ||     5
  Use: Scroll            |     5 |     3 |       ||     8
 Stab: Sleeping          |       |     2 |       ||     2
  Eat: Chunk             |     3 |     6 |       ||     9
       Meat ration       |       |     1 |       ||     1
Armor: Robe              |    18 |       |       ||    18
       Leather armour    |       |    34 |     1 ||    35
Dodge: Dodged            |    77 |    81 |     7 ||   165
